 Dungeon Crawl Stone Soup version 0.18.1-1-g2f07953 (webtiles) character file.

19904 GFox the Cleaver (level 12, -3/112 HPs)
             Began as a Minotaur Berserker on May 7, 2016.
             Was a High Priest of Trog.
             Killed from afar by a hell hog (55 damage)
             ... with a fireball
             ... on level 12 of the Dungeon on May 8, 2016.
             The game lasted 02:15:23 (12609 turns).

GFox the Cleaver (Minotaur Berserker)              Turns: 12609, Time: 02:15:23

Health: -3/112     AC: 14    Str: 27    XL:     12   Next: 40%
Magic:  10/10      EV: 12    Int:  1    God:    Trog [*****.]
Gold:   332        SH: 12    Dex: 10    Spells: 0 memorised, 11 levels left

rFire  x . .     SeeInvis .     r - +10 war axe of the Apocalypse {vamp, MR+++ Int-3}
rCold  + . .     Gourm    .     j - +3 scale mail
rNeg   + . .     Faith    .     B - +2 shield {rN+}
rPois  .         Spirit   .     (helmet restricted)
rElec  .         Dismiss  .     p - +0 cloak
rCorr  .         Reflect  .     (no gloves)
SustAt .         Harm     .     (no boots)
MR     ++++.     Rnd*Rage +     (no amulet)
Stlth  +.........               o - ring of ice
                                C - ring of protection from magic

@: incredibly resistant to hostile enchantments, very unstealthy
A: retaliatory headbutt, horns 2, icy blue scales 1, berserk 1, low mp 1,
mutation resistance 1, sturdy frame 1
a: Berserk, Trog's Hand, Brothers in Arms, Burn Spellbooks, Renounce Religion


You were on level 12 of the Dungeon.
You worshipped Trog.
Trog was extremely pleased with you.
You were hungry.

You visited 1 branch of the dungeon, and saw 12 of its levels.
You also visited: Sewer and Bailey.

You collected 997 gold pieces.
You spent 665 gold pieces at shops.

Inventory:

Hand Weapons
 r - the +10 war axe of the Apocalypse (weapon) {vamp, MR+++ Int-3}
   (You found it on level 4 of the Dungeon)

   It inflicts no extra harm, but heals its wielder somewhat when it strikes a
   living foe.
   It affects your intelligence (-3).
   It affects your resistance to hostile enchantments.
Missiles
 d - 37 tomahawks of returning (quivered)
Armour
 j - a +3 scale mail (worn)
 p - a +0 cloak (worn)
 B - a +2 shield of positive energy (worn)
Jewellery
 o - a ring of ice (right hand)
 C - a ring of protection from magic (left hand)
Wands
 u - a wand of iceblast (0/15)
 w - a wand of polymorph (5/24)
 y - a wand of hasting (3/9)
 z - a wand of paralysis (10/24)
 D - a wand of iceblast (1/15)
 I - a wand of teleportation (2/9)
 K - a wand of digging (23/24)
 L - a wand of heal wounds (5/9)
 N - a wand of digging (15/24)
 O - a wand of random effects (8/48)
 Q - a wand of flame (9/48)
Scrolls
 h - 5 scrolls of identify
 n - 2 scrolls of remove curse
 q - a scroll of fog
 E - a scroll of teleportation
 F - 4 scrolls of enchant weapon
 J - a scroll of blinking
Potions
 e - 6 potions of flight
 g - 5 potions of curing
 i - 2 potions of heal wounds
 k - a potion of cancellation
 m - 2 potions of brilliance
 t - 2 potions of haste
 A - 3 potions of cure mutation
 G - 2 potions of agility
 S - a potion of ambrosia
Miscellaneous
 c - a crystal ball of energy
 x - a disc of storms
 P - a sack of spiders
Comestibles
 a - a royal jelly
 b - 7 fruits
 f - 5 bread rations
 l - 5 beef jerkies
 s - 2 meat rations
 M - 7 slices of pizza


   Skills:
 + Level 12.0 Fighting
 + Level 14.1 Axes
 + Level 4.2 Throwing
 + Level 10.3 Armour
 + Level 9.8 Dodging
 + Level 3.2 Stealth
 + Level 4.2 Shields
 + Level 1.5 Evocations


You had 11 spell levels left.
You didn't know any spells.

Dungeon Overview and Level Annotations

Branches:
Dungeon (12/15)            Temple (0/1) D:6            Lair (0/8) D:9
    Orc (0/2) D:10

Altars:
Cheibriados
Dithmenos
Elyvilon
Fedhas
Gozag
Kikubaaqudgha
Makhleb
Okawaru
Pakellas
Qazlal
Ru
Sif Muna
Trog
Xom
Yredelemnul
Zin
The Shining One

Shops:
D:4 *   D:7 (   D:12 (


Innate Abilities, Weirdness & Mutations

You reflexively headbutt those who attack you in melee.
You have a pair of horns on your head.
You are partially covered in icy blue scales (AC +1).
You tend to lose your temper in combat.
Your magical capacity is low (-10% MP).
You are somewhat resistant to further mutation.
Your movements are slightly less encumbered by armour (ER -2).


Message History

Evoking this partially-identified wand wasted a few charges.
The hell hog bites you!
You closely miss the hell hog. You headbutt the hell hog!
The hell hog is lightly wounded.
The hell hog bites you.
You closely miss the hell hog. Your headbutt misses the hell hog.
The hell hog is lightly wounded.
The hell hog breathes fire at you.
The fireball explodes!
The fireball engulfs you! The fire burns you terribly!
The fireball engulfs the hell hog.
The hell hog resists.
The hell hog bites you!
You hit the hell hog.
You feel better.
Your headbutt misses the hell hog.
The hell hog is moderately wounded.
You block the hell hog's attack.
You are feeling hungry.
You slice the hell hog!!
You feel better.
The hell hog is heavily wounded.
The hell hog breathes fire at you.
The fireball explodes!
The fireball engulfs you! The fire burns you terribly!
You die...

#.######.##
#....#...# ####.#.###
#.#.### #...?.#
#.#.#.###########
###.#...........<.#
#.............###.#
#.#.@...#.........#
#.#.#h###.###.###.###
#.#..J...<.##.# #....
#.#........##.# #.##.
#.#........##.###.##.
#..........>..#......
###......(...........
##..#...(##.#......
##.###)(.##.#......


You could see a slime creature and a hell hog.

Vanquished Creatures
  A centaur warrior (D:12)
  3 tengu warriors (D:10)
  An unseen horror (D:11)
  A hill giant (D:10)
  An orc knight (Bailey)
  2 cyclopes
  An ugly thing (D:11)
  Joseph (D:8)
  3 centaur skeletons
  2 kobold demonologists
  A yaktaur (D:10)
  3 trolls
  A two-headed ogre (D:10)
  Grinder (Sewer)
  Prince Ribbit (D:8)
  7 slime creatures (D:12)
  A spriggan (D:10)
  3 wyverns
  A shadow (D:10)
  3 wraiths
  A hungry ghost (D:11)
  The ghost of RKaid the Charlatan, an amateur DsAr (D:5)
  2 hippogriffs
  4 vampire mosquitoes (D:11)
  A mottled dragon (D:10)
  A water moccasin (D:11)
  7 orc warriors
  A wasp (D:7)
  3 ice beasts
  3 sky beasts
  A black bear (D:9)
  2 necrophages
  3 phantoms
  3 ogres
  2 eyes of draining
  6 centaurs
  2 crocodiles
  2 big kobolds
  An elf zombie (D:12)
  7 giant frogs
  2 water moccasin zombies
  7 scorpions
  A water moccasin skeleton (D:11)
  4 killer bees (D:9)
  11 wights
  4 howler monkeys
  3 jellies
  4 crimson imps
  2 giant frog zombies
  4 hounds
  3 quasits
  2 centaur zombies
  11 orc wizards
  A wasp zombie (D:11)
  4 orc priests
  Crazy Yiuf (D:5)
  4 giant frog skeletons
  2 human zombies (D:12)
  A human skeleton (D:12)
  5 iguanas
  6 worker ants
  2 sheep (D:12)
  4 big kobold zombies (Sewer)
  2 ogre zombies (D:12)
  A mummy (D:12)
  A howler monkey skeleton (D:5)
  16 gnolls
  16 adders
  2 river rats (D:3)
  6 shadow imps
  2 ufetubi (Sewer)
  An ooze (Sewer)
  An adder zombie (D:10)
  An adder skeleton (D:10)
  2 worms
  5 dart slugs
  2 giant geckos
  41 orcs
  5 giant cockroaches
  13 hobgoblins
  17 jackals
  6 bats
  3 giant newts
  13 goblins
  40 kobolds
  2 kobold zombies (Sewer)
  6 rats
383 creatures vanquished.

Vanquished Creatures (collateral kills)
  Harold (D:10)
  A hill giant (D:8)
  A big kobold (D:7)
  A giant frog (D:10)
  An electric eel (D:8)
  A gnoll shaman (D:7)
  2 gnolls (D:7)
  A quokka (D:8)
  3 kobolds (D:7)
  A quokka zombie (D:7)
13 creatures vanquished.

Vanquished Creatures (others)
  A kobold zombie (Sewer)
1 creature vanquished.

Grand Total: 397 creatures vanquished

Notes
Turn   | Place    | Note
--------------------------------------------------------------
     0 | D:1      | GFox the Minotaur Berserker began the quest for the Orb.
     0 | D:1      | Reached XP level 1. HP: 19/19 MP: 0/0
    92 | D:1      | Found a glowing golden altar of the Shining One.
   352 | D:1      | Reached XP level 2. HP: 20/27 MP: 1/1
   468 | D:1      | Reached skill level 4 in Axes
  1139 | D:2      | Reached ** piety under Trog
  1139 | D:2      | Reached XP level 3. HP: 33/33 MP: 2/2
  1910 | D:2      | Reached XP level 4. HP: 36/41 MP: 3/3
  2157 | D:3      | Found a glowing drain.
  2180 | Sewer    | Entered a sewer
  2183 | Sewer    | Reached skill level 1 in Stealth
  2388 | Sewer    | Reached *** piety under Trog
  2406 | Sewer    | Reached skill level 5 in Fighting
  2406 | Sewer    | Reached XP level 5. HP: 48/48 MP: 4/4
  2472 | Sewer    | Found a burning altar of Makhleb.
  2476 | Sewer    | Reached skill level 5 in Axes
  2482 | Sewer    | HP: 3/72 [poisoned by an adder]
  2488 | Sewer    | HP: 1/48 [poisoned by an adder]
  2841 | Sewer    | Noticed Grinder
  2867 | Sewer    | Killed Grinder
  2867 | Sewer    | Reached XP level 6. HP: 10/57 MP: 5/5
  2898 | Sewer    | Noticed an apprentice kobold demonologist
  2909 | Sewer    | Reached skill level 5 in Dodging
  2914 | Sewer    | Killed an apprentice kobold demonologist
  2914 | Sewer    | Reached skill level 6 in Axes
  2914 | Sewer    | Reached XP level 7. HP: 41/64 MP: 6/6
  3334 | D:3      | Found a shimmering altar of Xom.
  3634 | D:3      | Found a bloodstained altar of Trog.
  3781 | D:3      | Reached skill level 7 in Axes
  3865 | D:4      | Reached XP level 8. HP: 73/73 MP: 7/7
  3998 | D:4      | Found Haoquz's General Store.
  4068 | D:4      | Got a twisted war axe
  4069 | D:4      | Identified the +10 war axe of the Apocalypse {vamp, MR+++ Int-3} (You found it on level 4 of the Dungeon)
  4106 | D:4      | Found a shadowy altar of Dithmenos.
  4377 | D:4      | Reached **** piety under Trog
  4380 | D:4      | Reached skill level 8 in Axes
  4657 | D:5      | Entered Level 5 of the Dungeon
  4679 | D:5      | Found a glowing golden altar of the Shining One.
  4681 | D:5      | Found a glowing silver altar of Zin.
  4682 | D:5      | Found a white marble altar of Elyvilon.
  5073 | D:5      | Found a snail-covered altar of Cheibriados.
  5227 | D:5      | Found a sacrificial altar of Ru.
  5227 | D:5      | Found an opulent altar of Gozag.
  5362 | D:5      | Noticed Crazy Yiuf
  5369 | D:5      | Killed Crazy Yiuf
  5442 | D:5      | Noticed RKaid's ghost (amateur DsAr)
  5449 | D:5      | Killed RKaid's ghost
  5449 | D:5      | Reached XP level 9. HP: 73/81 MP: 8/8
  5704 | D:6      | Reached skill level 5 in Armour
  5898 | D:6      | Reached skill level 9 in Axes
  6165 | D:6      | Found a blossoming altar of Fedhas.
  6594 | D:6      | Found a staircase to the Ecumenical Temple.
  6642 | D:6      | Found an iron altar of Okawaru.
  6681 | D:7      | Found a stormy altar of Qazlal.
  6689 | D:7      | Paralysed by a wasp for 3 turns
  6797 | D:7      | Found Sivymufuj's Weapon Boutique.
  6865 | D:7      | Found a deep blue altar of Sif Muna.
  7017 | D:7      | Found a flagged portal.
  7062 | Bailey   | Entered a bailey
  7092 | Bailey   | Noticed an orc knight
  7173 | Bailey   | Reached ***** piety under Trog
  7239 | Bailey   | Gained mutation: You have an increased reservoir of magic (+10% MP). [potion of beneficial mutation]
  7243 | Bailey   | Gained mutation: You occasionally shout uncontrollably at your foes. [potion of mutation]
  7243 | Bailey   | Gained mutation: Your mind is acute. (Int +2) [potion of mutation]
  7244 | Bailey   | Lost mutation: You have an increased reservoir of magic (+10% MP). [potion of cure mutation]
  7244 | Bailey   | Lost mutation: You occasionally shout uncontrollably at your foes. [potion of cure mutation]
  7244 | Bailey   | Lost mutation: Your mind is acute. (Int +2) [potion of cure mutation]
  7245 | Bailey   | Gained mutation: You tend to lose your temper in combat. [potion of mutation]
  7245 | Bailey   | Gained mutation: You are somewhat resistant to further mutation. [potion of mutation]
  7245 | Bailey   | Gained mutation: Your movements are slightly less encumbered by armour (ER -2). [potion of mutation]
  7279 | Bailey   | Reached skill level 1 in Throwing
  7279 | Bailey   | Reached skill level 10 in Axes
  7364 | Bailey   | Killed an orc knight
  7364 | Bailey   | Reached XP level 10. HP: 32/91 MP: 9/9
  7366 | Bailey   | Received a gift from Trog
  7817 | D:8      | Noticed Prince Ribbit
  7817 | D:8      | Noticed Joseph
  7824 | D:8      | Killed Prince Ribbit
  7831 | D:8      | Killed Joseph
  8062 | D:8      | Gained mutation: Your magical capacity is low (-10% MP). [mutagenic meat]
  8064 | D:8      | Gained mutation: You are partially covered in icy blue scales (AC +1). [mutagenic meat]
  8090 | D:8      | Noticed a hill giant
  8094 | D:8      | Killed a hill giant
  8184 | D:8      | Found an oddly glowing altar of Pakellas.
  8988 | D:9      | Found a staircase to the Lair.
  9244 | D:9      | Found an ancient bone altar of Kikubaaqudgha.
  9292 | D:9      | Reached skill level 11 in Axes
  9618 | D:10     | Entered Level 10 of the Dungeon
  9632 | D:10     | Noticed a tengu warrior
  9632 | D:10     | Noticed a tengu warrior
  9633 | D:10     | Found a staircase to the Orcish Mines.
  9638 | D:10     | Killed a tengu warrior
  9638 | D:10     | Reached skill level 10 in Fighting
  9647 | D:10     | Killed a tengu warrior
  9647 | D:10     | Reached XP level 11. HP: 99/99 MP: 9/9
  9902 | D:10     | Noticed Harold
  9916 | D:10     | Killed Harold
  9916 | D:10     | Reached skill level 12 in Axes
 10053 | D:10     | Noticed a hill giant
 10061 | D:10     | Killed a hill giant
 10102 | D:10     | Noticed a tengu warrior
 10103 | D:10     | Got a faintly glowing falchion
 10105 | D:10     | Identified the cursed +0 falchion of Gluttony {antimagic, MR+} (You found it on level 10 of the Dungeon)
 10296 | D:10     | Found a burning altar of Makhleb.
 10625 | D:10     | Killed a tengu warrior
 10951 | D:11     | Reached skill level 13 in Axes
 11017 | D:11     | Reached skill level 1 in Shields
 11028 | D:11     | Noticed a brown ugly thing
 11034 | D:11     | Killed an unseen horror
 11034 | D:11     | Reached skill level 10 in Armour
 11035 | D:11     | Killed a brown ugly thing
 11035 | D:11     | Reached skill level 1 in Evocations
 11323 | D:11     | Reached XP level 12. HP: 110/110 MP: 10/10
 11736 | D:12     | Found Nonn's Antique Weapon Boutique.
 11749 | D:12     | Bought a warped arbalest for 361 gold pieces
 11749 | D:12     | Identified the cursed +0 arbalest of Punishment {flame, Int+2 Dex-2 Stlth+} (You bought it in a shop on level 12 of the Dungeon)
 11750 | D:12     | Bought a transparent hand axe for 304 gold pieces
 11750 | D:12     | Identified the +6 hand axe of the Grave {flame, rElec} (You bought it in a shop on level 12 of the Dungeon)
 12225 | D:12     | Noticed a centaur warrior
 12230 | D:12     | Killed a centaur warrior
 12386 | D:12     | Reached skill level 14 in Axes
 12412 | D:12     | Found a basalt altar of Yredelemnul.
 12605 | D:12     | Noticed a hell hog
 12605 | D:12     | a slime creature changed into a hell hog
 12609 | D:12     | Killed from afar by a hell hog

Skill      XL: |  1  2  3  4  5  6  7  8  9 10 11 12 |
---------------+-------------------------------------+-----
Fighting       | 4 5 6 7 8 9 10 11 12 | 12.0
Axes           | 4 5 6 7 8 10 11 13 14 | 14.1
Dodging        | 3 4 5 6 7 8 9 |  9.8
Stealth        | 1 2 3 |  3.2
Armour         | 4 7 9 10 | 10.3
Throwing       | 2 4 |  4.2
Shields        | 2 4 |  4.2
Evocations     | 1 |  1.5

Action                   |  1- 3 |  4- 6 |  7- 9 | 10-12 || total
-------------------------+-------+-------+-------+-------++-------
Melee: Hand axe          |    83 |   114 |    49 |       ||   246
       Headbutt          |     8 |    15 |    34 |    79 ||   136
       War axe           |       |       |   184 |   371 ||   555
Throw: Tomahawk          |     4 |       |    37 |     2 ||    43
       Javelin           |       |       |     2 |       ||     2
Invok: Trog's Hand       |       |     3 |     4 |     4 ||    11
       Berserk           |       |     2 |     4 |     4 ||    10
       Burn Spellbooks   |       |       |     2 |     2 ||     4
       Brothers in Arms  |       |       |     2 |     3 ||     5
Evoke: Wand              |       |       |       |    17 ||    17
  Use: Potion            |     4 |     1 |    11 |     3 ||    19
       Scroll            |     4 |       |    12 |    13 ||    29
  Eat: Beef jerky        |     1 |       |       |       ||     1
       Chunk             |     2 |     1 |    13 |    25 ||    41
       Fruit             |       |     3 |     1 |     1 ||     5
       Bread ration      |       |     1 |     2 |     1 ||     4
       Royal jelly       |       |       |       |     1 ||     1
       Pizza             |       |       |       |     2 ||     2
Armor: Animal skin       |    12 |    16 |       |       ||    28
       Scale mail        |       |       |   105 |   146 ||   251
Dodge: Dodged            |    60 |    80 |   183 |   177 ||   500
Block: Shield            |       |       |       |    97 ||    97
